Map: Kairos Junction LE

Players

Parkkatz - Winner!

  • Race: Zerg Zerg
  • League: Platinum
  • Spawn Location: 11:00

Punalilikui

  • Race: Terran Terran
  • League: Platinum
  • Spawn Location: 5:00

VOD

Have the link to the VOD?

Description

Time

  • Played on: June 30, 2019, 12:53 p.m.
  • Length: 8:20
Show
View Real Time Build Order
Export as new Build Order

Parkkatz Zerg - Winner!

Build Orders: Hatch First 

Get SALT Encoding   

  12  0:01  Drone  
  13  0:12  Overlord  
  13  0:17  Drone  
  14  0:31  Drone x2  
  16  0:36  Overlord  
  16  0:46  Drone  
  17  1:07  Hatchery, Drone x2  
  18  1:22  Spawning Pool  
  18  1:23  Extractor  
  16  1:31  Drone x2  
  18  1:39  Drone  
  19  1:50  Overlord  
  19  2:10  Queen  
  19  2:15  Zergling x2  
  22  2:17  Zergling x2  
  22  2:22  Hatchery  
  22  2:28  Metabolic Boost  
  22  2:31  Drone  
  23  2:40  Queen  
  25  2:49  Queen  
  27  2:55  Drone  
  27  2:56  Drone  
  29  3:06  Drone x3  
  31  3:16  Baneling Nest  
  31  3:19  Drone x3  
  33  3:26  Drone x2  
  35  3:33  Drone  
  35  3:34  Drone x2  
  38  3:36  Extractor  
  38  3:37  Drone  
  38  3:39  Zergling x2  
  39  3:46  Drone x2  
  41  3:49  Drone  
  41  3:51  Queen  
  44  4:00  Queen  
  46  4:04  Baneling x2  
  46  4:05  Zergling x4  
  46  4:06  Zergling x2  
  46  4:07  Zergling x2  
  50  4:29  Overlord x3  
  50  4:48  Lair  
  50  4:50  Spore Crawler  
  50  4:52  Spore Crawler  
  48  4:53  Extractor  
  48  4:59  Zergling x8  
  51  5:02  Drone x5  
  51  5:03  Drone x2  
  58  5:15  Drone x3  
  58  5:20  Overlord  
  58  5:21  Overlord  
  61  5:27  Roach Warren  
  60  5:29  Evolution Chamber  
  59  5:39  Spore Crawler  
  59  5:41  Queen x2  
  61  5:43  Spore Crawler  
  61  5:47  Spore Crawler  
  61  5:49  Drone x3  
  62  5:51  Hydralisk Den  
  62  5:53  Zergling x8, Extractor  
  62  5:56  Spore Crawler  
  63  6:00  Drone x4  
  67  6:06  Drone x2  
  67  6:07  Drone  
  67  6:08  Drone  
  67  6:11  Overseer  
  71  6:16  Glial Reconstitution  
  71  6:17  Pneumatized Carapace  
  71  6:23  Baneling x2  
  71  6:24  Baneling  
  71  6:25  Drone  
  71  6:26  Drone x2, Extractor  
  71  6:27  Drone, Extractor  
  71  6:30  Overlord  
  73  6:39  Overlord x2  
  73  6:41  Hydralisk  
  73  6:46  Muscular Augments  
  75  6:53  Baneling x2  
  75  7:08  Hydralisk x2  
  75  7:11  Hydralisk  
  81  7:22  Hatchery  
  80  7:26  Roach x5  
  90  7:37  Hydralisk x2  
Show
View Real Time Build Order
Export as new Build Order

Punalilikui Terran 

Build Orders: Mech 

Get SALT Encoding   

  12  0:16  SCV  
  12  0:20  Refinery  
  13  0:22  Supply Depot  
  13  0:43  SCV  
  13  0:47  Barracks  
  14  0:58  SCV  
  14  1:00  Barracks  
  15  1:28  SCV  
  15  1:29  Supply Depot  
  15  1:30  Barracks  
  16  1:39  Marine  
  17  1:40  SCV  
  18  1:49  Supply Depot  
  18  1:52  Marine  
  19  2:00  Refinery  
  19  2:51  Marine x3  
  20  2:52  Orbital Command  
  20  2:56  Factory  
  22  3:03  Supply Depot  
  22  3:14  Reaper x2  
  24  3:22  Engineering Bay  
  24  3:24  SCV  
  25  3:42  Hellion  
  25  3:43  Bunker  
  25  3:47  Starport  
  27  3:50  Marine  
  28  4:04  Hellion  
  30  4:10  Factory  
  30  4:29  Liberator  
  29  4:51  Supply Depot  
  32  4:55  Hellion  
  32  4:56  Factory Tech Lab  
  34  5:09  SCV  
  35  5:20  Reaper  
  38  5:21  Hellion  
  38  5:22  Siege Tank  
  41  5:42  Supply Depot  
  41  5:46  Supply Depot  
  41  5:47  Viking  
  41  5:49  Hellion  
  45  6:14  Factory  
  45  6:16  Hellion  
  45  6:17  Hellion  
  49  6:31  Viking  
  51  6:46  Hellion  
  53  6:51  Hellion  
  53  6:52  Liberator  
  57  7:49  Hellion x3  
Tags
 
Composition
Mech
Matchup
TvZ
Replay Pack
SC2 replays
Spawn Locations
Cross Positions
Add a new tag
Caveats
  • Supply blocks, unpowered buildings, or Contaminate may cause inaccurate times.
  • Supply counts are checked every 10 seconds.